 Dungeon Crawl Stone Soup version 0.15.0-18-g9076a4f (webtiles) character file.

20262 Johnny the Hoplite (level 12, -5/108 HPs)
             Began as a Gargoyle Berserker on Sept 6, 2014.
             Was the Champion of Trog.
             Slain by an ettin
             ... wielding a +0 dire flail
              (35 damage)
             ... on Level 4 of the Orcish Mines.
             The game lasted 00:50:21 (14708 turns).

Johnny the Hoplite (Gargoyle Berserker)            Turns: 14708, Time: 00:50:21

HP  -5/108       AC 28     Str 26      XL: 12   Next: 77%
MP  22/22        EV  6     Int  9      God: Trog [******]
Gold 2305        SH 13     Dex 13      Spells:  0 memorised, 11 levels left

rFire  . . .     SeeInvis .     g - +10 captain's cutlass {speed}
rCold  . . .     Clarity  +     Y - +0 plate armour
rNeg   + + .     rCorr    .     L - +0 shield
rPois  +         rRot     +     (no helmet)
rElec  +         Spirit   .     k - +0 cloak
SustAb .         Warding  .     I - +2 pair of gloves
rMut   .         Stasis   .     (no boots)
Gourm  .                        T - amulet of clarity
MR     .....                    s - ring of positive energy
                                (no ring)

@: berserking, very quick, not resistant to hostile enchantments, extremely
unstealthy
A: negative energy resistance 1, electricity resistance, unbreathing,
petrification resistance, rot immunity, AC +8
a: Burn Spellbooks, Berserk, Trog's Hand, Brothers in Arms, Renounce Religion


You were on level 4 of the Orcish Mines.
You worshipped Trog.
Trog was exalted by your worship.
You were hungry.

You visited 2 branches of the dungeon, and saw 16 of its levels.
You also visited: Bailey.

You collected 2305 gold pieces.

Inventory:

Hand weapons
 f - a +0 war axe
 g - the +10 captain's cutlass (weapon) {speed}
   (You found it on level 12 of the Dungeon)

   Attacks with this weapon are significantly faster.
 S - a -1 hand axe
 X - a +0 war axe
Missiles
 d - 7 tomahawks of returning
 J - 4 tomahawks (quivered)
 P - a throwing net
Armour
 k - a +0 cloak (worn)
 I - a +2 pair of gloves (worn)
 L - a +0 shield (worn)
 Y - a +0 plate armour (worn)
Magical devices
 r - a wand of draining (5)
 w - a wand of teleportation (0)
 x - a wand of random effects (9)
 y - a wand of disintegration (0)
 A - a wand of lightning (0)
 E - a wand of enslavement (11)
 N - a wand of slowing (18)
Comestibles
 c - 8 bread rations
 C - 6 royal jellies
Scrolls
 a - 2 scrolls of immolation
 b - 4 scrolls of enchant armour
 h - a scroll of random uselessness {unknown}
 j - a scroll of enchant weapon {unknown}
 l - 5 scrolls of remove curse
 n - 2 scrolls of silence {unknown}
 F - a scroll of holy word {unknown}
 M - a scroll of fear {unknown}
 R - a scroll of torment {unknown}
 V - a scroll of teleportation
Jewellery
 s - a ring of positive energy (right hand)
 T - an amulet of clarity (around neck)
 U - an uncursed ring of ice
 W - an uncursed ring of positive energy
Potions
 e - a potion of degeneration {unknown}
 i - 2 potions of lignification {unknown}
 m - a potion of magic
 o - 4 potions of flight
 p - 3 potions of agility
 q - a potion of confusion {unknown}
 t - a potion of haste
 u - a potion of invisibility {unknown}
 v - 3 potions of brilliance
 z - 7 potions of curing {unknown}
 B - a potion of resistance {unknown}
 D - 2 potions of restore abilities {unknown}
 G - a potion of cure mutation {unknown}
 K - 2 potions of might {unknown}
 Q - a potion of heal wounds {unknown}


   Skills:
 * Level 7.6 Fighting
 * Level 2.4 Short Blades
 - Level 9.8 Axes
 * Level 9.9 Armour
 * Level 7.1 Dodging
 * Level 10.5 Shields
 * Level 7.0 Evocations


You had 11 spell levels left.
You didn't know any spells.

Dungeon Overview and Level Annotations

Branches:
Dungeon (12/15)            Temple (0/1) D:7             Orc (4/4) D:9
    Elf: Orc:3-4       Lair: D:8-11

Altars:
Dithmenos
Fedhas
Makhleb
Nemelex Xobeh
Qazlal
Sif Muna
Vehumet
Xom
Yredelemnul

Shops:
D:7 }   D:8 %   Orc:1 %

Portals:
Trove: D:12 (give +5 demon whip)


Innate Abilities, Weirdness & Mutations

You are resistant to torment.
You are immune to poison.
Your stone body is very resilient (AC +8).
You resist negative energy.
You are resistant to electric shocks.
You can survive without breathing.
You are immune to petrification.
You are immune to rotting.


Message History

Your plate armour prevents you from hitting the ettin.
The ettin hits you with a dire flail!! The ettin hits you but does no damage.
You puncture the ettin!
The ettin is lightly wounded.
Use which ability? (? or * to list)
A red film seems to cover your vision as you go berserk!
You feel yourself moving faster!
You feel mighty!
You feel somewhat more hungry. You block the ettin's attack.
You block the ettin's attack.
You hit the ettin.
The ettin is moderately wounded.
You block the ettin's attack. The ettin hits you but does no damage.
You puncture the ettin!
The ettin is heavily wounded.
You puncture the ettin!
The ettin is severely wounded.
The ettin hits you with a dire flail!!
* * * LOW HITPOINT WARNING * * *
The ettin hits you with a dire flail!!
You die...

+......#.[.#.)..+ #)).#......#
#....#.#...#....# ##..##.....# #
#....#.##)##....#####...#.....##.
.....#..........#..##...##.......
####+###.###'##.').##....#.......
#.##)..#.#..###...##......
#.##..ยง#.#### #....##.....
#+######.#C.# ##...###)... #.@..#
##...##)).. ###..# ##......)..
### ##......#.#. ##.)))...#.##
#..))).)..... #..))<.[.....
#....).)..#.. ##........#..
##..........


You could see an ettin.

Vanquished Creatures
  Fannar (Orc:4)
  A centaur warrior (D:12)
  An unseen horror (D:12)
  Pikel (D:9)
  5 hill giants
  2 orc knights (Bailey)
  A manticore (D:12)
  2 cyclopes (D:12)
  3 kobold demonologists (D:11)
  3 trolls
  Prince Ribbit (D:8)
  2 two-headed ogres (Orc:4)
  A deep elf mage (D:12)
  A griffon zombie (D:12)
  A griffon skeleton (D:12)
  A basilisk (D:12)
  2 wraiths (D:12)
  A hill giant zombie (D:7)
  A vampire mosquito (D:12)
  Eustachio (D:6)
  A wyvern (D:12)
  2 hungry ghosts
  3 hippogriffs
  Edmund (D:4)
  4 ice beasts
  A water moccasin (D:9)
  A yellow wasp (D:12)
  A soldier ant (D:12)
  3 wargs
  A necrophage (D:6)
  3 sky beasts
  3 phantoms
  23 orc warriors
  3 black bears
  4 centaurs
  7 ogres
  A slave (D:9)
  Duvessa (D:6)
  2 big kobolds (D:11)
  Blork the orc (D:8)
  3 giant frogs
  A wyvern skeleton (D:10)
  2 cyclops skeletons (D:12)
  2 scorpions
  13 wights
  An eye of draining (D:12)
  6 killer bees (D:7)
  The ghost of dadoka the Poker, a weakling OpSk (D:3)
  Dowan (D:6)
  6 crimson imps
  6 jellies
  2 quasits
  A centaur skeleton (D:12)
  9 orc priests
  2 giant frog skeletons
  10 worker ants
  17 orc wizards
  7 hounds
  An iron imp (D:11)
  2 iguanas
  4 sheep (D:12)
  A hound skeleton (D:6)
  17 adders
  3 shadow imps (D:6)
  An orc skeleton (D:5)
  2 giant mites
  6 worms
  An ufetubus (D:11)
  3 giant geckos
  5 oozes (D:8)
  99 orcs
  18 hobgoblins
  7 jackals
  20 kobolds
  5 quokkas
  3 ball pythons
  16 bats
  6 giant cockroaches
  4 giant newts
  23 goblins
  A kobold zombie (D:5)
  An orc zombie (D:6)
  10 rats
  A rat skeleton (D:6)
  2 ballistomycetes (D:8)
450 creatures vanquished.

Vanquished Creatures (collateral kills)
  A two-headed ogre (Orc:4)
  A hippogriff (D:12)
  5 orc warriors
  A vampire mosquito zombie (D:12)
  18 orcs
  A goblin (Bailey)
  4 kobolds (Bailey)
31 creatures vanquished.

Vanquished Creatures (others)
  A deep troll (D:12)
  An ogre (D:12)
  An orc (D:6)
  A giant spore (D:8)
  A rat (D:4)
5 creatures vanquished.

Grand Total: 486 creatures vanquished

Notes
Turn   | Place    | Note
--------------------------------------------------------------
     0 | D:1      | Johnny, the Gargoyle Berserker, began the quest for the Orb.
     0 | D:1      | Reached XP level 1. HP: 14/14 MP: 1/1
   201 | D:1      | Reached XP level 2. HP: 16/19 MP: 2/2
   302 | D:1      | Acquired Trog's second power
   835 | D:2      | Reached XP level 3. HP: 19/23 MP: 3/3
  1229 | D:2      | Reached XP level 4. HP: 16/29 MP: 4/4
  1898 | D:3      | Reached XP level 5. HP: 31/33 MP: 5/5
  1907 | D:3      | Noticed dadoka's ghost (weakling OpSk)
  1941 | D:3      | Killed dadoka's ghost
  2283 | D:4      | Noticed Eustachio
  2489 | D:4      | Noticed a phantom
  2491 | D:4      | Reached skill level 1 in Shields
  2510 | D:4      | Reached skill level 4 in Fighting
  2516 | D:4      | Reached XP level 6. HP: 37/38 MP: 6/6
  2520 | D:4      | Killed a phantom
  2520 | D:4      | Reached skill level 1 in Evocations
  2654 | D:4      | Noticed Edmund
  2666 | D:4      | Killed Edmund
  2666 | D:4      | Reached XP level 7. HP: 43/43 MP: 8/8
  2972 | D:4      | Noticed an ogre
  2978 | D:4      | Killed an ogre
  3299 | D:4      | Noticed a phantom
  3325 | D:4      | Killed a phantom
  3850 | D:5      | Entered Level 5 of the Dungeon
  3922 | D:5      | Reached skill level 5 in Armour
  4140 | D:5      | Reached XP level 8. HP: 45/48 MP: 10/10
  4304 | D:5      | Found a blossoming altar of Fedhas.
  4576 | D:6      | Killed Eustachio
  4576 | D:6      | Reached skill level 5 in Axes
  4901 | D:6      | Noticed Duvessa
  4910 | D:6      | Noticed Dowan
  4915 | D:6      | Killed Duvessa
  4944 | D:6      | Killed Dowan
  5337 | D:6      | Found a burning altar of Makhleb.
  5346 | D:6      | Reached XP level 9. HP: 48/53 MP: 13/13
  5365 | D:6      | Reached skill level 5 in Fighting
  5630 | D:6      | Reached skill level 5 in Dodging
  5794 | D:7      | Found a staircase to the Ecumenical Temple.
  5810 | D:7      | Reached skill level 6 in Armour
  5828 | D:7      | Found a shimmering altar of Xom.
  5828 | D:7      | Found a sparkling altar of Nemelex Xobeh.
  5876 | D:7      | Found a shadowy altar of Dithmenos.
  5876 | D:7      | Found a radiant altar of Vehumet.
  5876 | D:7      | Found a basalt altar of Yredelemnul.
  5899 | D:8      | Noticed Prince Ribbit
  5946 | D:8      | Noticed Blork the orc
  5955 | D:8      | Killed Blork the orc
  5987 | D:8      | Acquired Trog's third power
  6152 | D:8      | Reached skill level 5 in Shields
  6358 | D:8      | Found Juse's Food Boutique.
  6425 | D:8      | Killed Prince Ribbit
  6575 | D:8      | Found a stormy altar of Qazlal.
  6913 | D:8      | Reached skill level 7 in Armour
  7119 | D:7      | Found a blossoming altar of Fedhas.
  7242 | D:7      | Reached XP level 10. HP: 60/60 MP: 16/16
  7313 | D:7      | Found Kluusaant's Gadget Shoppe.
  7555 | D:7      | Found a deep blue altar of Sif Muna.
  8326 | D:9      | Found a staircase to the Orcish Mines.
  8741 | D:9      | Reached skill level 8 in Axes
  8886 | D:9      | Noticed Pikel
  8899 | D:9      | Killed Pikel
  9107 | D:9      | Reached skill level 5 in Evocations
  9361 | D:10     | Entered Level 10 of the Dungeon
  9491 | D:10     | Noticed a hill giant
  9501 | D:10     | Killed a hill giant
  9501 | D:10     | Reached XP level 11. HP: 60/66 MP: 19/19
 10261 | D:11     | Found a shadowy altar of Dithmenos.
 10654 | D:12     | Noticed a hill giant
 10676 | D:12     | Killed a hill giant
 11069 | D:12     | Reached skill level 9 in Axes
 11332 | D:12     | Found a portal to a secret trove of treasure.
 11389 | D:12     | Noticed a hill giant
 11398 | D:12     | Killed a hill giant
 11542 | D:12     | Noticed a hill giant
 11554 | D:12     | Killed a hill giant
 12049 | D:12     | Noticed a storm dragon
 12244 | D:12     | Killed an unseen horror
 12244 | D:12     | Reached XP level 12. HP: 65/72 MP: 21/21
 12604 | D:12     | Noticed a centaur warrior
 12607 | D:12     | Noticed a hill giant
 12617 | D:12     | Killed a centaur warrior
 12621 | D:12     | Killed a hill giant
 12641 | D:12     | Noticed a wizard
 12744 | Orc:1    | Entered Level 1 of the Orcish Mines
 12804 | Orc:1    | Found a flagged portal.
 12825 | Bailey   | Entered a bailey
 12908 | Bailey   | Reached skill level 1 in Short Blades
 13328 | Orc:1    | Found Phaun's Food Emporium.
 13763 | Orc:2    | Reached skill level 10 in Shields
 13986 | Orc:2    | Received a gift from Trog
 14285 | Orc:4    | Entered Level 4 of the Orcish Mines
 14285 | Orc:4    | Noticed Fannar
 14307 | Orc:4    | Killed Fannar
 14566 | Orc:4    | Received a gift from Trog
 14701 | Orc:4    | Noticed an ettin
 14708 | Orc:4    | Slain by an ettin

Action                   |  1- 3 |  4- 6 |  7- 9 | 10-12 || total
-------------------------+-------+-------+-------+-------++-------
Melee: Hand axe          |    83 |       |       |       ||    83
       Short sword       |    13 |    48 |       |       ||    61
       War axe           |       |   131 |   518 |   684 ||  1333
       Cutlass           |       |       |       |   486 ||   486
Invok: Berserk           |     1 |     5 |     8 |    17 ||    31
       Trog's Hand       |       |     2 |     4 |    16 ||    22
       Burn Spellbooks   |       |       |     1 |     4 ||     5
       Brothers in Arms  |       |       |       |     4 ||     4
Evoke: Wand              |       |       |     5 |     8 ||    13
  Use: Scroll            |     4 |     6 |     2 |     9 ||    21
       Potion            |       |       |       |     1 ||     1
 Stab: Distracted        |       |       |       |     1 ||     1
       Confused          |       |       |       |     1 ||     1
  Eat: Beef jerky        |     1 |       |       |     2 ||     3
       Fruit             |       |     2 |     7 |     8 ||    17
       Meat ration       |       |     2 |     2 |     2 ||     6
       Chunk             |       |     1 |     7 |    14 ||    22
       Royal jelly       |       |       |       |     6 ||     6
